 Dungeon Crawl Stone Soup version 0.27-a0-920-gb2bd10914a (webtiles) character file.

Game seed: 6007129749718939125

206272 dolemite99 the Severer (level 18, -7/157 HPs)
             Began as a Hill Orc Fighter on Apr 10, 2021.
             Was a High Priest of Makhleb.
             Mangled by a naga warrior
             ... wielding a +0 war axe
              (32 damage)
             ... on level 4 of the Snake Pit.
             The game lasted 01:14:11 (55545 turns).

dolemite99 the Severer (Hill Orc Fighter)          Turns: 55545, Time: 01:14:12

Health: -7/157     AC: 40    Str: 25    XL:     18   Next: 71%
Magic:  28/28      EV:  6    Int: 14    God:    Makhleb [*****.]
Gold:   893        SH: 19    Dex: 10    Spells: 17/17 levels left

rFire    + . .     SeeInvis +   a - +0 broad axe
rCold    + + .     Faith    .   Q - +1 kite shield {AC+3}
rNeg     + . .     Spirit   .   i - +4 plate armour {rC+}
rPois    .         Reflect  +   B - +2 helmet {SInv}
rElec    .         Harm     .   S - +2 cloak
rCorr    .         Rampage  .   A - +2 pair of gloves
Will     ++...                  e - +2 pair of boots of the Peculiar Demons {rC+ Int+4}
Stlth    ..........             M - amulet of reflection
HPRegen  0.36/turn              d - ring of Kunky {rF+ rN+ Will+ Slay+2}
MPRegen  0.21/turn              Z - +4 ring of protection {=R}

@: lethally poisoned (-7 -> -8), constricted, studying Translocations
A: no striking features
}: 1/15 runes: decaying
a: Renounce Religion, Minor Destruction, Lesser Servant of Makhleb, Major
Destruction, Greater Servant of Makhleb


You were on level 4 of the Snake Pit.
You worshipped Makhleb.
Makhleb was extremely pleased with you.
You visited 5 branches of the dungeon, and saw 31 of its levels.
You also visited: Gauntlet.

You collected 4378 gold pieces.
You spent 3485 gold pieces at shops.

Inventory:

Hand Weapons
 a - a +0 broad axe (weapon)
 b - a +1 fustibalus
 l - a +1 demon whip of venom
Missiles
 y - 34 sling bullets
Armour
 e - the +2 pair of boots of the Peculiar Demons (worn) {rC+ Int+4}
   (You bought it in a shop on level 2 of the Orcish Mines)

   It affects your intelligence (+4).
   It protects you from cold.
 i - a +4 plate armour of cold resistance (worn)
 A - a +2 pair of gloves (worn)
 B - a +2 helmet of see invisible (worn)
 Q - a +1 kite shield of protection (worn)
 S - a +2 cloak (worn)
Magical Staves
 Y - a staff of air
Jewellery
 d - the ring of Kunky (left hand) {rF+ rN+ Will+ Slay+2}
   (You acquired it on level 1 of the Orcish Mines)

   [ring of willpower]

   It affects your accuracy and damage with ranged weapons and melee attacks
   (+2).
   It protects you from fire.
   It protects you from negative energy.
   It increases your willpower.
 m - a ring of resist corrosion
 x - the ring "Nun Miem" {Int+3 SInv}
   (You took it off a minotaur in a Gauntlet)

   [ring of see invisible]

   It affects your intelligence (+3).
   It lets you see invisible.
 M - an amulet of reflection (around neck)
 N - a ring of protection from fire
 W - a ring of poison resistance
 Z - a +4 ring of protection (right hand) {=R}
Wands
 k - a wand of paralysis (25)
 s - a wand of acid (12) (quivered)
 w - a wand of polymorph (15)
 I - a wand of charming (1)
 K - a wand of iceblast (8)
 U - a wand of flame (34)
 V - a wand of mindburst (12)
 X - a wand of digging (12)
Scrolls
 h - 4 scrolls of fog
 r - a scroll of holy word
 t - 14 scrolls of teleportation
 u - 4 scrolls of magic mapping
 F - 5 scrolls of fear
 L - 16 scrolls of identify {@r1}
 O - a scroll of silence
 R - 4 scrolls of blinking
Potions
 f - a potion of magic
 j - 6 potions of curing
 n - 6 potions of attraction
 p - a potion of resistance
 z - 9 potions of haste
 D - 2 potions of might
 E - 2 potions of cancellation
 G - a potion of berserk rage
 H - 2 potions of ambrosia
 J - 3 potions of flight
Miscellaneous
 o - a lightning rod (4/4)
 q - a phial of floods
 v - a box of beasts
 C - a tin of tremorstones (inert)
 P - a phantom mirror
 T - a condenser vane


   Skills:
 - Level 13.3 Fighting
 - Level 16.1(18.0) Axes
 - Level 11.9(14.5) Maces & Flails
 - Level 13.2 Slings
 - Level 12.0 Armour
 - Level 8.8 Dodging
 + Level 12.8 Shields
 - Level 13.3 Invocations
 - Level 9.0 Evocations


You had 17 spell levels left.
You didn't know any spells.
Your spell library contained the following spells:

 Spells                   Type           Power      Damage    Failure   Level
 Animate Skeleton         Necr           0%         N/A       98%         1
 Apportation              Tloc           0%         N/A       98%         1
 Corona                   Hex            0%         N/A       98%         1
 Freeze                   Ice            0%         1d3       98%         1
 Summon Small Mammal      Summ           0%         N/A       98%         1
 Call Imp                 Summ           0%         N/A       99%         2
 Ensorcelled Hibernation  Hex/Ice        0%         N/A       99%         2
 Poisonous Vapours        Pois/Air       0%         N/A       99%         2
 Slow                     Hex            0%         N/A       99%         2
 Sublimation of Blood     Necr           0%         N/A       99%         2
 Call Canine Familiar     Summ           0%         N/A       100%        3
 Confusing Touch          Hex            0%         N/A       100%        3
 Conjure Flame            Conj/Fire      0%         6-21      100%        3
 Frozen Ramparts          Ice            0%         1d2       100%        3
 Gell's Gravitas          Tloc           0%         N/A       100%        3
 Ignite Poison            Fire/Tmut/Pois 0%         N/A       100%        3
 Inner Flame              Hex/Fire       0%         N/A       100%        3
 Lesser Beckoning         Tloc           0%         N/A       100%        3
 Mephitic Cloud           Conj/Pois/Air  0%         N/A       100%        3
 Ozocubu's Armour         Ice            0%         N/A       100%        3
 Portal Projectile        Hex/Tloc       0%         N/A       100%        3
 Summon Guardian Golem    Hex/Summ       0%         N/A       100%        3
 Tukima's Dance           Hex            0%         N/A       100%        3
 Animate Armour           Summ/Erth      0%         N/A       100%        4
 Animate Dead             Necr           0%         N/A       100%        4
 Cause Fear               Hex            0%         N/A       100%        4
 Hailstorm                Conj/Ice       0%         3d3       100%        4
 Leda's Liquefaction      Hex/Erth       0%         N/A       100%        4
 Petrify                  Tmut/Erth      0%         N/A       100%        4
 Summon Ice Beast         Ice/Summ       0%         N/A       100%        4
 Summon Lightning Spire   Summ/Air       0%         N/A       100%        4
 Alistair's Intoxication  Tmut/Pois      0%         N/A       100%        5
 Borgnjor's Vile Clutch   Necr/Erth      0%         N/A       100%        5
 Irradiate                Conj/Tmut      0%         3d13      100%        5
 Metabolic Englaciation   Hex/Ice        0%         N/A       100%        5
 Silence                  Hex/Air        0%         N/A       100%        5
 Yara's Violent Unravell  Hex/Tmut       0%         3d3       100%        5
 Death Channel            Necr           0%         N/A       100%        6
 Eringya's Noxious Bog    Tmut/Pois      0%         N/A       100%        6
 Freezing Cloud           Conj/Ice/Air   0%         6-21      100%        6
 Invisibility             Hex            0%         N/A       100%        6
 Shadow Creatures         Summ           N/A        N/A       100%        6
 Simulacrum               Ice/Necr       0%         N/A       100%        6
 Discord                  Hex            0%         N/A       100%        8


Dungeon Overview and Level Annotations

Branches:
Dungeon (15/15)            Temple (0/1) D:4            Lair (6/6) D:11
  Swamp (4/4) Lair:2        Snake (4/4) Lair:4        Slime (0/5) Lair:6
    Orc (2/2) D:12            Elf (0/3) Orc:2        Vaults (0/5) D:14
Gauntlet (visited)
 Depths: D:15

Altars:
Ashenzari
Cheibriados
Dithmenos
Elyvilon
Hepliaklqana
Kikubaaqudgha
Makhleb
Uskayaw
Xom
Yredelemnul
The Shining One
Beogh
Jiyva

Shops:
D:4 [   D:5 *   D:7 [   D:15 [   Orc:1 *   Orc:2 *[[(   Snake:1 =::=
Snake:3 ?:*   Snake:4 =

Annotations:
D:15 exclusion: orange crystal statue
Lair:2 1 runed translucent door
Lair:3 3 runed translucent doors, Starbright's ghost, journeyman DsIE
Swamp:3 2 transporters, exclusion: orange crystal statue


Message History

You block the naga warrior's attack.
You barely miss the naga warrior.
The naga warrior is severely wounded.
The naga warrior hits you with a +0 war axe!!!
The naga warrior grabs you. The naga warrior constricts you.
The naga warrior spits poison at you.
The splash of poison hits you but does no damage.
You are poisoned.
You slice the naga warrior!!
The naga warrior is almost dead.
You slash the naga warrior!
You feel sick. You block the naga warrior's attack.
The naga warrior constricts you.
You completely miss the naga warrior.
The naga warrior is almost dead.
You hit the naga warrior.
You feel sick. The naga warrior barely misses you.
The naga warrior hits you but does no damage.
The naga warrior constricts you.
You slash the naga warrior!
You kill the naga warrior!
Makhleb accepts your kill.
You feel better.
You hit the naga warrior.
You feel sick. The naga warrior spits poison at you.
The splash of poison misses you. The naga warrior constricts you.
You escape the naga warrior's grasp.
You feel sick.
Things that are here:
a +0 flail; a +0 kite shield; a naga corpse You feel sick.
The naga warrior hits you with a +0 war axe!!
* * * LOW HITPOINT WARNING * * *
The naga warrior grabs you. The naga warrior constricts you.
You slice the naga warrior!!
The naga warrior is heavily wounded.
You feel sick. You block the naga warrior's attack.
* * * LOW HITPOINT WARNING * * *
The naga warrior constricts you.
You hit the naga warrior but do no damage.
The naga warrior is heavily wounded.
You feel sick.
The naga warrior hits you with a +0 war axe!!
You die...

##...........#.#..N#,,,,**,,,,,
###.........[..#.#..(##,,,,**,,**
#.........[......##(..##,,,,****,
..........).)....##....##,,,,,,,,
...........)......##....##,,,,,,,
...................#.....##*,,,,,
...................##..N..##*****
8....)..........)...##.....##
................@######.....#####
..####...........N.[)((.)........
.###.....####...........[........
.###....## #..###................
...###...###...##................
#....###...##..#############.....
###[..###...##..#..# ##....
..###...##..##.....## ########...
...###.......#......###.....###..


You could see a naga warrior (strong, catching breath).

Vanquished Creatures
  A tentacled monstrosity (Swamp:4)
  A thorn hunter (Swamp:4)
  Agnes (Snake:1)
  3 nagarajas
  A ghoul (Swamp:2)
  An orc warlord (Orc:1)
  3 bunyips
  A minotaur (Gauntlet)
  2 eleionomae (Swamp:3)
  3 salamander tyrants (Snake:4)
  A fire dragon (Lair:6)
  A green death (Gauntlet)
  16 naga warriors
  Josephine (Lair:5)
  8 vault guards (D:14)
  3 ice dragons (Swamp:4)
  8 hydras
  A death knight (D:13)
  2 two-headed ogres
  4 boulder beetles
  A ghost crab (Swamp:4)
  Erica (Lair:2)
  7 alligators
  5 anacondas
  A catoblepas (Lair:6)
  A centaur warrior (D:13)
  8 death yaks
  4 orc high priests
  A shock serpent (Snake:3)
  11 naga sharpshooters
  3 tengu warriors
  A soul eater (Gauntlet)
  3 skeletal warriors
  3 salamander mystics
  A death drake (Swamp:3)
  4 naga ritualists
  6 swamp dragons
  7 goliath frogs
  2 spriggan druids (Swamp:2)
  5 bog bodies
  3 lindwurms
  A wizard (D:15)
  5 mana vipers
  6 orc knights
  An oklob plant (Swamp:3)
  2 deep elf pyromancers
  7 orc sorcerers
  7 cyclopes
  24 ugly things
  A wolf spider (Lair:6)
  4 manticores
  3 will-o-the-wisps
  17 salamanders
  29 black mambas
  6 guardian serpents
  A torpor snail (Lair:6)
  14 naga magi
  Psyche (D:12)
  An unseen horror (D:12)
  11 cane toads
  5 rime drakes
  2 kobold demonologists (D:10)
  8 komodo dragons
  6 freezing wraiths
  A tengu conjurer (D:15)
  2 efreet
  6 trolls
  3 polar bears
  7 hornets
  A bloated husk (Swamp:3)
  Prince Ribbit (Lair:2)
  9 tyrant leeches
  2 blink frogs (Lair:2)
  2 dream sheep (Lair:6)
  13 slime creatures
  A shadow (D:11)
  A redback (shapeshifter) (D:15)
  7 wraiths
  32 yaks
  9 spriggans
  4 hogs (D:12)
  7 basilisks
  2 wyverns
  7 vampire mosquitoes
  4 steam dragons
  6 swamp worm simulacra (Swamp:4)
  8 wargs
  20 swamp worms
  54 nagas
  3 acid dragons
  13 hydra simulacra (Swamp:4)
  7 water moccasins
  3 swamp drakes
  An ice beast (D:8)
  A sky beast (D:7)
  21 orc warriors
  3 necrophages
  7 ogres
  11 wolves
  A centaur (D:9)
  8 kobold brigands
  11 bullfrogs
  3 scorpions
  A wyvern skeleton (D:5)
  A water moccasin skeleton (D:6)
  12 killer bees
  6 wights
  An electric eel (Orc:2)
  2 howler monkeys (D:13)
  2 centaur zombies
  3 hounds
  A centaur skeleton (D:7)
  2 gnoll shamans
  A jelly (D:6)
  13 orc priests
  A bullfrog skeleton (D:5)
  7 iguanas
  28 orc wizards
  2 howler monkey zombies
  A howler monkey skeleton (D:7)
  8 adders
  9 gnolls
  4 shadow imps (Gauntlet)
  2 white imps
  2 swamp drake simulacra (Swamp:4)
  A worm (D:3)
  2 dart slugs
  63 orcs
  5 endoplasms
  3 giant cockroaches
  5 goblins
  8 hobgoblins
  9 jackals (D:1)
  2 quokkas (D:3)
  5 ball pythons
  6 bats
  7 frilled lizards
  25 kobolds
  3 rats
857 creatures vanquished.

Vanquished Creatures (collateral kills)
  Jorgrun (Orc:2)
  Rupert (D:14)
  Gastronok (Lair:2)
  Kirke (D:12)
  2 nagarajas (Snake:4)
  Snorg (Lair:5)
  A hydra (Lair:5)
  Erolcha (D:11)
  A centaur warrior (D:14)
  2 naga warriors (Snake:4)
  An ogre mage (D:14)
  2 alligators (Swamp:1)
  2 two-headed ogres (D:14)
  A naga sharpshooter (Snake:2)
  A salamander mystic (Snake:4)
  A skeletal warrior (D:15)
  A naga ritualist (Snake:1)
  An orc knight (Orc:2)
  An ugly thing (D:15)
  A salamander (Snake:4)
  2 elephants (Lair:6)
  A black mamba (Snake:3)
  A cane toad (Lair:1)
  A gargoyle (D:14)
  A freezing wraith (D:14)
  2 slime creatures (D:14)
  A wraith (Lair:5)
  A wyvern (Lair:5)
  2 basilisks (Lair:6)
  30 yaks
  A steam dragon (Lair:6)
  3 nagas
  A swamp worm (Swamp:2)
  3 water moccasins (Lair:2)
  3 orc warriors
  2 ogres (D:14)
  2 bullfrogs (Lair:5)
  4 killer bees (D:9)
  3 orc priests
  An iguana (Lair:6)
  An orc wizard (D:10)
  5 orcs
  A butterfly (Lair:3)
96 creatures vanquished.

Vanquished Creatures (others)
  2 nagarajas (Snake:4)
  A swamp dragon (Swamp:4)
  A spriggan druid (Swamp:4)
  A naga mage (Snake:2)
  A bloated husk (Swamp:1)
  5 dream sheep (D:6)
  A naga (Snake:2)
  2 swamp worms (Swamp:4)
  A bullfrog skeleton (D:6)
  An orc priest (Orc:1)
  2 orcs (Orc:1)
  A briar patch (Swamp:4)
  18 foxfires
  15 fungi
  45 plants
  5 withered plants (Gauntlet)
102 creatures vanquished.

Grand Total: 1055 creatures vanquished

Notes
Turn   | Place    | Note
-------+----------+-------------------------------------------
     0 | D:1      | dolemite99 the Hill Orc Fighter began the quest for the
                  | Orb.
     0 | D:1      | Reached XP level 1. HP: 19/19 MP: 1/1
    28 | D:1      | Reached skill level 3 in Axes
   147 | D:1      | Reached XP level 2. HP: 26/26 MP: 2/2
   325 | D:1      | Reached skill level 4 in Axes
   628 | D:1      | Found a faded altar of an unknown god.
   643 | D:1      | Became a worshipper of Makhleb the Destroyer
   643 | D:1      | Reached * piety under Makhleb
   650 | D:1      | Reached XP level 3. HP: 26/31 MP: 3/3
  1119 | D:2      | Reached skill level 1 in Maces & Flails
  1686 | D:2      | Reached XP level 4. HP: 39/39 MP: 4/4
  2362 | D:3      | Reached ** piety under Makhleb
  2976 | D:3      | Reached XP level 5. HP: 45/45 MP: 5/5
  3129 | D:4      | Found a staircase to the Ecumenical Temple.
  3419 | D:4      | Found Yguuwn's Antique Armour Emporium.
  3424 | D:4      | Bought a glowing chain mail for 157 gold pieces
  3974 | D:5      | Entered Level 5 of the Dungeon
  4040 | D:4      | Reached skill level 5 in Maces & Flails
  4040 | D:4      | Reached XP level 6. HP: 46/51 MP: 6/6
  4459 | D:5      | Found Jemp's General Store.
  5097 | D:5      | Reached XP level 7. HP: 38/57 MP: 7/7
  5524 | D:5      | Bought a scroll of fear for 42 gold pieces
  5524 | D:5      | Bought a scroll of identify for 24 gold pieces
  5943 | D:6      | Noticed a dream sheep
  5943 | D:6      | Noticed a dream sheep
  5943 | D:6      | Noticed a dream sheep
  5943 | D:6      | Noticed a dream sheep
  5943 | D:6      | Noticed a dream sheep
  5943 | D:6      | Found a shimmering altar of Xom.
  5948 | D:6      | Killed a dream sheep
  5948 | D:6      | Killed a dream sheep
  5948 | D:6      | Killed a dream sheep
  5948 | D:6      | Killed a dream sheep
  5949 | D:6      | Killed a dream sheep
  6006 | D:6      | Reached XP level 8. HP: 64/64 MP: 8/8
  6425 | D:6      | Found a burning altar of Makhleb.
  6842 | D:7      | Identified the +7 dagger of Optimality {freeze, rPois
                  | Int+3}
  6949 | D:7      | Found Xutwis Pisa's Antique Armour Emporium.
  6973 | D:7      | Reached skill level 10 in Maces & Flails
  7096 | D:7      | Found a broken altar of Ashenzari.
  7099 | D:7      | Noticed a yak
  7106 | D:7      | Noticed a yak
  7112 | D:7      | Killed a yak
  7115 | D:7      | Noticed a yak
  7115 | D:7      | Noticed a yak
  7118 | D:7      | Noticed a yak
  7129 | D:7      | Killed a yak
  7140 | D:7      | Killed a yak
  7141 | D:7      | Reached XP level 9. HP: 67/70 MP: 9/9
  7150 | D:7      | Reached *** piety under Makhleb
  7960 | D:7      | Reached skill level 5 in Invocations
  9058 | D:8      | Reached XP level 10. HP: 76/77 MP: 15/17
  9772 | D:9      | Found a basalt altar of Yredelemnul.
  9779 | D:9      | Found a snail-covered altar of Cheibriados.
  9780 | D:9      | Found a glowing golden altar of the Shining One.
  9780 | D:9      | Found an ancient bone altar of Kikubaaqudgha.
  9821 | D:9      | Found a shadowy altar of Dithmenos.
  9914 | D:9      | Reached skill level 10 in Invocations
 10982 | D:9      | Reached **** piety under Makhleb
 11059 | D:9      | Found a hide-covered altar of Uskayaw.
 11346 | D:10     | Entered Level 10 of the Dungeon
 11438 | D:10     | Noticed a kobold demonologist
 11438 | D:10     | Noticed a kobold demonologist
 11448 | D:10     | Killed a kobold demonologist
 11455 | D:10     | Killed a kobold demonologist
 12085 | D:10     | Identified a scroll of acquirement
 12085 | D:10     | Acquired a manual of Translocations
 12414 | D:10     | Found a white marble altar of Elyvilon.
 12445 | D:10     | Noticed a manticore
 12454 | D:10     | Killed a manticore
 13000 | D:7      | Bought a glowing scarf for 224 gold pieces
 13261 | D:11     | Reached XP level 11. HP: 45/85 MP: 21/21
 13560 | D:11     | Reached skill level 5 in Shields
 13608 | D:11     | Noticed Erolcha
 13624 | D:11     | Killed Erolcha
 13717 | D:11     | Noticed a five-headed hydra
 13928 | D:11     | Killed a five-headed hydra
 14230 | D:11     | Reached skill level 5 in Armour
 14291 | D:11     | Found a staircase to the Lair.
 14488 | Lair:1   | Entered Level 1 of the Lair of Beasts
 14753 | Lair:1   | Reached skill level 5 in Fighting
 15364 | Lair:2   | Noticed Erica
 15390 | Lair:2   | Killed Erica
 15468 | Lair:2   | Found a runed translucent door.
 15468 | Lair:2   | Noticed a wolf spider
 15483 | Lair:2   | Noticed Prince Ribbit
 15513 | Lair:2   | Killed Prince Ribbit
 16017 | Lair:2   | Found a staircase to the Swamp.
 16106 | Lair:2   | Noticed Gastronok
 16119 | Lair:2   | Killed Gastronok
 16120 | Lair:2   | Reached XP level 12. HP: 94/101 MP: 22/22
 16701 | Lair:3   | Noticed a death yak
 16704 | Lair:3   | Noticed a death yak
 16705 | Lair:3   | Noticed a death yak
 16709 | Lair:3   | Noticed a death yak
 16710 | Lair:3   | Noticed a death yak
 16716 | Lair:2   | Killed a death yak
 16837 | Lair:3   | You fall into a shaft and drop 3 floors!
 16837 | Lair:6   | Entered Level 6 of the Lair of Beasts
 16898 | Lair:6   | Found a staircase to the Slime Pits.
 16899 | Lair:6   | Found a viscous altar of Jiyva.
 16912 | Lair:6   | Noticed a five-headed hydra
 16925 | Lair:6   | Killed a five-headed hydra
 16968 | Lair:5   | Noticed Josephine
 16995 | Lair:5   | Killed Josephine
 17293 | Lair:5   | Noticed Snorg
 17302 | Lair:5   | Killed Snorg
 17381 | Lair:5   | Noticed a six-headed hydra
 17393 | Lair:5   | Killed a six-headed hydra
 17394 | Lair:5   | Reached skill level 10 in Fighting
 17470 | Lair:5   | Noticed an eight-headed hydra
 17477 | Lair:5   | Killed an eight-headed hydra
 17491 | Lair:5   | Reached skill level 10 in Armour
 17945 | Lair:4   | Reached XP level 13. HP: 101/113 MP: 23/23
 18086 | Lair:4   | Found a staircase to the Snake Pit.
 18394 | Lair:4   | Reached skill level 10 in Shields
 18854 | Lair:3   | Found a runed translucent gate.
 18859 | Lair:3   | Found a runed translucent gate.
 18901 | Lair:3   | Found a runed translucent gate.
 19411 | Lair:3   | Noticed Starbright's ghost (journeyman DsIE)
 19413 | Lair:3   | Found a viscous altar of Jiyva.
 21060 | Lair:6   | Reached skill level 5 in Evocations
 21337 | Lair:6   | Reached XP level 14. HP: 126/126 MP: 24/24
 22423 | D:12     | Found a staircase to the Orcish Mines.
 22528 | D:12     | Found a gate leading to a gauntlet.
 22534 | Gauntlet | Entered a Gauntlet
 22534 | Gauntlet | Found a transporter.
 22534 | Gauntlet | Found a transporter.
 22538 | Gauntlet | Found a transporter.
 22560 | Gauntlet | Found a transporter.
 22566 | Gauntlet | Found a large runed translucent door.
 22567 | Gauntlet | Found a large runed translucent door.
 22569 | Gauntlet | Found a runed translucent gate.
 22570 | Gauntlet | Found a transporter.
 22570 | Gauntlet | Found a transporter.
 22573 | Gauntlet | Found a transporter.
 22577 | Gauntlet | Found a runed translucent gate.
 22577 | Gauntlet | Found a runed translucent gate.
 22579 | Gauntlet | Found a large runed translucent door.
 22580 | Gauntlet | Found a large runed translucent door.
 22592 | Gauntlet | Found a large runed translucent door.
 22592 | Gauntlet | Found a large runed translucent door.
 22593 | Gauntlet | Found a large runed translucent door.
 22593 | Gauntlet | Found a large runed translucent door.
 22600 | Gauntlet | Found a transporter.
 22603 | Gauntlet | Found a large runed translucent door.
 22603 | Gauntlet | Found a large runed translucent door.
 22603 | Gauntlet | Found a runed translucent door.
 22603 | Gauntlet | Found a runed translucent door.
 22604 | Gauntlet | Found a large runed translucent door.
 22605 | Gauntlet | Found a large runed translucent door.
 22607 | Gauntlet | Found a transporter.
 22616 | Gauntlet | Found a transporter.
 22625 | Gauntlet | Found a transporter.
 22671 | Gauntlet | Found a transporter.
 22692 | Gauntlet | Found a transporter.
 22703 | Gauntlet | Found a large runed translucent door.
 22704 | Gauntlet | Found a large runed translucent door.
 22705 | Gauntlet | Found a large runed translucent door.
 22706 | Gauntlet | Found a large runed translucent door.
 22782 | Gauntlet | Found a transporter.
 22791 | Gauntlet | Found a transporter.
 22807 | Gauntlet | Found a transporter.
 22981 | Gauntlet | Reached ***** piety under Makhleb
 22999 | Gauntlet | Reached skill level 1 in Dodging
 23107 | Gauntlet | Acquired 997 gold pieces
 23151 | Gauntlet | Identified the ring "Nun Miem" {Int+3 SInv}
 23422 | Gauntlet | Identified the +2 robe of Tartarus {rC+ Int+2}
 23554 | D:12     | Noticed Psyche
 23564 | D:12     | Killed Psyche
 23634 | D:12     | Noticed Kirke
 23653 | D:12     | Killed Kirke
 24786 | Orc:1    | Entered Level 1 of the Orcish Mines
 25000 | Orc:1    | Reached skill level 5 in Dodging
 25466 | Orc:1    | Found a roughly hewn altar of Beogh.
 25615 | Orc:1    | Noticed an orc warlord
 25644 | Orc:1    | Killed an orc warlord
 25710 | Orc:1    | Found Siwni's General Store.
 25719 | Orc:1    | Bought a scroll of acquirement for 728 gold pieces
 25719 | Orc:1    | Bought 10 arrows for 28 gold pieces
 25719 | Orc:1    | Acquired the ring of Kunky {rF+ rN+ Will+ Slay+2}
 25859 | Orc:2    | Entered Level 2 of the Orcish Mines
 25894 | Orc:2    | Noticed Jorgrun
 25909 | Orc:2    | Killed Jorgrun
 26308 | Orc:2    | Found a staircase to the Elven Halls.
 26897 | Orc:2    | Reached XP level 15. HP: 86/132 MP: 25/25
 26998 | Orc:2    | Found Cownyun's Antique Weapon Shop.
 26998 | Orc:2    | Found Iwala's Assorted Antiques.
 27244 | Orc:2    | Found Nethrur's Armour Shop.
 27244 | Orc:2    | Found Nufof's Antique Armour Emporium.
 27821 | Orc:2    | Bought a pair of spiked boots for 294 gold pieces
 27821 | Orc:2    | Identified the +2 pair of boots of the Peculiar Demons {rC+
                  | Int+4} (You bought it in a shop on level 2 of the Orcish
                  | Mines)
 28043 | D:4      | Bought a runed plate armour for 546 gold pieces
 28265 | Orc:2    | Bought an agate ring for 195 gold pieces
 28448 | D:5      | Bought a scroll of brand weapon for 240 gold pieces
 28449 | D:5      | Bought a potion of haste for 120 gold pieces
 28632 | Orc:2    | Bought a fustibalus for 465 gold pieces
 29412 | D:13     | Reached skill level 1 in Slings
 30105 | D:13     | Reached skill level 5 in Slings
 30506 | D:14     | Found a gate to the Vaults.
 31091 | D:14     | Noticed Rupert
 31097 | D:14     | Killed Rupert
 31922 | D:14     | Found a hazy altar of Hepliaklqana.
 32001 | D:15     | Entered Level 15 of the Dungeon
 32174 | D:15     | Found Delimoz's Armour Boutique.
 32272 | D:15     | Reached XP level 16. HP: 131/139 MP: 26/26
 32346 | D:15     | Reached skill level 10 in Slings
 32767 | D:15     | Found a white marble altar of Elyvilon.
 33655 | Snake:1  | Entered Level 1 of the Snake Pit
 33670 | Snake:1  | Noticed Agnes
 33685 | Snake:1  | Killed Agnes
 35167 | Snake:1  | Found Fuenlae's Book Emporium.
 35168 | Snake:1  | Found Atuck's Jewellery Boutique.
 35169 | Snake:1  | Found Hesoh's Book Emporium.
 35177 | Snake:1  | Bought a ring of poison resistance for 280 gold pieces
 35548 | Snake:1  | Noticed a nagaraja
 35575 | Snake:1  | Killed a nagaraja
 36200 | Snake:1  | Found Aleheont's Jewellery Shop.
 36322 | Snake:2  | Noticed a nagaraja
 36350 | Snake:2  | Killed a nagaraja
 41070 | Snake:3  | Reached XP level 17. HP: 131/146 MP: 27/27
 42198 | Snake:3  | Found Rush's Magic Scroll Boutique.
 42200 | Snake:3  | Found Deuvil's Book Shop.
 42202 | Snake:3  | Found Pofetur's Assorted Antiques.
 42206 | Snake:3  | Bought a scroll of enchant weapon for 142 gold pieces
 42804 | Swamp:1  | Entered Level 1 of the Swamp
 43116 | Swamp:1  | You fall into a shaft and drop 1 floor!
 44221 | Swamp:2  | Reached skill level 5 in Axes
 44367 | Swamp:2  | You fall into a shaft and drop 1 floor!
 44367 | Swamp:3  | Found a transporter.
 44554 | Swamp:2  | Reached skill level 6 in Axes
 44832 | Swamp:2  | Reached skill level 7 in Axes
 45154 | Swamp:3  | Found a transporter.
 45304 | Swamp:3  | Reached skill level 8 in Axes
 46221 | Swamp:3  | Reached skill level 9 in Axes
 46775 | Swamp:4  | Entered Level 4 of the Swamp
 46888 | Swamp:3  | Reached skill level 10 in Axes
 47932 | Swamp:4  | Reached skill level 11 in Axes
 48114 | Swamp:4  | Noticed a tentacled monstrosity
 48142 | Swamp:4  | Killed a tentacled monstrosity
 48507 | Swamp:4  | Reached skill level 12 in Axes
 48519 | Swamp:4  | Reached XP level 18. HP: 140/157 MP: 28/28
 50030 | Swamp:4  | Got a decaying rune of Zot
 50874 | Snake:4  | Entered Level 4 of the Snake Pit
 50917 | Snake:4  | Found Icatzodi's Jewellery Boutique.
 51586 | Snake:4  | Reached skill level 13 in Axes
 52339 | Snake:4  | Reached skill level 14 in Axes
 53298 | Snake:4  | Reached skill level 15 in Axes
 54274 | Snake:4  | Reached skill level 16 in Axes
 55545 | Snake:4  | Mangled by a naga warrior

Illustrated notes

Levels and vault maps discovered:
D:1:      lemuel_arrival_cross, layout_loops_ring, basic_ecumenical_altar,
          minmay_lizard_pond
D:2:      layout_rooms
D:3:      layout_basic, minmay_door_square, minmay_cut_off
D:4:      layout_rooms, minmay_temple_entry_arrows, serial_shops,
          kennysheep_little_box, nrook_mini_backslash, serial_bayou_pond_c,
          chequers_serial_rivers_room_a
D:5:      layout_cave_pods, serial_shops, shop
D:6:      layout_loops_ring, lightli_temple_of_fire, kb_xom_exploding_sheep,
          minivault_25, grunt_ministairs_5
D:7:      layout_loops_ring, old_standard_altar, serial_shops, kennysheep_mini,
          kennysheep_generic_room_7
D:8:      layout_rooms
D:9:      layout_stronghold, chequers_temple_overflow_statue_of_worship,
          lemuel_doored_altar, amcnicky_altar_gilded
D:10:     layout_cave_pods, overflow_temple_1_default
D:11:     layout_rooms, erik_lair_dragon, serial_co_window_serial,
          co_window_corner_a, co_window_corner_a, co_window_paths_a,
          co_window_corner_a, co_window_of_opportunity_a, co_window_broadway_b,
          co_window_cross_4, co_window_paths_c, co_window_paths_c,
          co_window_cross_3, co_window_corner_b, glass_columns_a,
          glass_columns_b, glass_columns_a, glass_columns_b, glass_columns_c,
          uniq_erolcha
D:12:     layout_basic, orc_0_dummy, gauntlet_entry_generic,
          chequers_serial_rivers_large_a, uniq_psyche, uniq_kirke
D:13:     minmay_curly_fans, layout_irregular_city
D:14:     layout_long_grid, erik_vaults_2, nzn_hepliaklqana_mist_gate,
          uniq_rupert
D:15:     gammafunk_enter_depths_forms, layout_basic, serial_shops,
          nicolae_shop_statue_plus, minivault_16,
          minmay_misc_feat_secret_circle, elyvilon_altar_3
Lair:1:   layout_roguey, serial_bayou_shore_b
Lair:2:   gammafunk_indiana_jones, layout_gridlike, minmay_swamp_entry_worms,
          uniq_prince_ribbit2, uniq_gastronok, uniq_erica
Lair:3:   layout_hall_layers, gammafunk_ghost_endoplasm, lemuel_fruit_fields
Lair:4:   layout_cave_pods, guppyfry_snake_entry_island,
          infiniplex_staircase_pool_2
Lair:5:   layout_roguey, beast_lair_carwin_6, uniq_josephine, uniq_snorg
Lair:6:   guppyfry_lair_end_dragon, layout_regular_city,
          hangedman_lair_in_review, slime_altar_1, columned_hall_lemuel,
          serial_bayou_crossing
Swamp:1:  layout_falls_marsh, evilmike_swamp_ruin_house_1
Swamp:2:  layout_basic_swamp, evilmike_swamp_ruin_house_5
Swamp:3:  gammafunk_sealed_arena, layout_basic_swamp,
          evilmike_swamp_ruin_house_2, swamp_pool1,
          nicolae_swamp_oklob_treasure_island
Swamp:4:  swamp_icy, layout_basic_swamp, swamp_pool3
Snake:1:  layout_chambers, serial_shops, shop, serial_bayou_shore_b,
          minmay_shop_grove, grunt_megastairs_2, uniq_agnes
Snake:2:  layout_onion_interference
Snake:3:  layout_layer_cave, st_stairs_12, minmay_shop_star, grunt_megastairs_4
Snake:4:  grunt_snake_rune_spirals, layout_onion, serial_shops, shop_statue
Orc:1:    layout_caves, basic_altar, serial_shops, shop, rock_pile
Orc:2:    grunt_orc_tribal_feast, layout_caves, nooodl_orcs_dogs, uniq_jorgrun

Skill      XL: |  1  2  3  4  5  6  7  8  9 10 11 12 13 14 15 16 17 18 |
---------------+-------------------------------------------------------+-----
Axes           | 3 4 12 16 | 16.1
Maces & Flails | 1 3 5 6 8 11 | 11.9
Invocations    | 9 13 | 13.3
Fighting       | 4 8 10 12 13 | 13.3
Shields        | 4 7 9 11 12 | 12.8
Armour         | 7 10 11 12 | 12.0
Evocations     | 4 6 9 |  9.0
Dodging        | 7 8 |  8.8
Slings         | 9 13 | 13.2

Action                   |  1- 3 |  4- 6 |  7- 9 | 10-12 | 13-15 | 16-18 || total
-------------------------+-------+-------+-------+-------+-------+-------++-------
Melee: War axe           |    73 |       |       |       |       |       ||    73
       Demon whip        |    36 |   179 |   245 |   599 |  1204 |   615 ||  2878
       Broad axe         |       |       |       |       |       |    85 ||    85
 Fire: Fustibalus        |       |       |       |       |   244 |  1829 ||  2073
Throw: Stone             |       |    36 |       |     4 |       |       ||    40
       Javelin           |       |       |    33 |    47 |    70 |       ||   150
       Dart              |       |       |       |     8 |    46 |    10 ||    64
Invok: Minor Destruction |       |       |    21 |    50 |       |       ||    71
       Lesser Servant of |       |       |     2 |    25 |    28 |    13 ||    68
       Greater Servant o |       |       |       |       |       |     2 ||     2
Evoke: Wand              |       |       |       |     3 |   139 |    19 ||   161
       Phial of floods   |       |       |       |       |     2 |     4 ||     6
       Condenser vane    |       |       |       |       |     3 |     4 ||     7
       Phantom mirror    |       |       |       |       |     3 |     3 ||     6
       Box of beasts     |       |       |       |       |     2 |     3 ||     5
       Lightning rod     |       |       |       |       |       |    16 ||    16
       Tin of tremorston |       |       |       |       |       |     5 ||     5
  Use: Scroll            |       |     2 |    15 |    15 |    11 |    14 ||    57
       Potion            |       |     1 |     3 |     1 |     4 |    16 ||    25
 Stab: Distracted        |       |       |       |     3 |     3 |     2 ||     8
       Paralysed         |       |       |       |       |    28 |     1 ||    29
Armor: Scale mail        |    73 |    40 |       |       |       |       ||   113
       Chain mail        |       |    57 |   126 |   322 |   229 |       ||   734
       Plate armour      |       |       |       |       |   212 |   707 ||   919
Dodge: Dodged            |    59 |    67 |    66 |   157 |   226 |   298 ||   873
Block: Kite shield       |       |       |       |   194 |   820 |  1274 ||  2288
       Reflection        |       |       |       |       |    31 |   133 ||   164

Table legend: (Time is in decaauts)
 A = Elapsed time spent in this place.
 B = Non-inter-level travel time spent in this place.
 C = Inter-level travel time spent in this place.
 D = Time resting spent in this place.
 E = Time spent auto-exploring this place.
 F = Levels seen in this place.
 G = Mean time per level.
                   A        B        C        D        E       F      G
               +--------+--------+--------+--------+--------+-----+--------+
         Total |  54906 |  49785 |   5121 |  17929 |  22509 |  32 | 1715.8 |
       Dungeon |  21632 |  19463 |   2169 |   6197 |  10056 |  15 | 1442.1 |
          Lair |   8609 |   7211 |   1398 |   1099 |   4564 |   6 | 1434.8 |
         Swamp |   8052 |   7793 |    259 |   3816 |   2499 |   4 | 2013.0 |
     Snake Pit |  12694 |  12007 |    687 |   5791 |   4143 |   4 | 3173.5 |
  Orcish Mines |   3041 |   2436 |    605 |    740 |    930 |   2 | 1520.5 |
      Gauntlet |    875 |    875 |      0 |    284 |    317 |   1 |  875.0 |
               +--------+--------+--------+--------+--------+-----+--------+

Top non-repeatable levels by time:
 Snake:1: 3630 daAuts
 Snake:4: 3392 daAuts
 Snake:2: 3195 daAuts
 Swamp:4: 3036 daAuts
 Snake:3: 2477 daAuts
 Swamp:3: 2329 daAuts
    D:12: 2147 daAuts
   Orc:2: 1969 daAuts
 Swamp:2: 1942 daAuts
    D:11: 1848 daAuts
  Lair:6: 1826 daAuts
     D:8: 1762 daAuts
    D:10: 1689 daAuts
    D:14: 1671 daAuts
  Lair:2: 1660 daAuts
